 Dungeon Crawl Stone Soup version 0.19-a0-1128-gc4a0c12 (console) character file.

1672088 Svalbardcaretaker the Conqueror (level 27, 214/230 HPs)
             Began as an Octopode Wanderer on Aug 11, 2016.
             Was the Champion of Ashenzari.
             Escaped with the Orb
             ... and 3 runes on Aug 12, 2016!
             The game lasted 03:11:03 (75331 turns).

Svalbardcaretaker the Conqueror (OpWn)             Turns: 75331, Time: 03:11:03

Health: 214/230    AC: 15    Str: 28    XL:     27
Magic:  36/36      EV: 43    Int: 29    God:    Ashenzari [******]
Gold:   5278       SH: 33    Dex: 30    Spells: 9 memorised, 2 levels left

rFire  + + +     SeeInvis +     a - +9 demon whip (flame) (curse)
rCold  + . .     Gourm    .     Y - +5 large shield of Jito {rElec rF++ Str-2 Int+3} (curse)
rNeg   + . .     Faith    .     T - +2 hat {Int+3} (curse)
rPois  +         Spirit   .     b - amulet of Seereufo {rF+ MR++ Regen+ MP-9 Str+3} (curse)
rElec  +         Dismiss  .     G - +6 ring of protection (curse)
rCorr  .         Reflect  .     g - +3 ring of slaying (curse)
SustAt .         Harm     .     c - ring "Ydig" {rPois rC+ Str+2 Stlth+} (curse)
MR     +++++     Clarity  +     Z - ring of Otritz {MR+ Str+4 Dex+4} (curse)
Stlth  ++++......               J - ring "Rauwanaq" {MP+9 Str+5 Dex+6} (curse)
                                p - +4 ring of evasion (curse)
                                S - ring "Moudabb" {rN+ MR+ Str+3 Int+6 Slay-2} (curse)
                                n - +5 ring of protection (curse)

@: very slightly contaminated, regenerating, hasted, deflect missiles, very
quick
A: almost no armour, amphibious, 8 rings, constrict 8, rugged brown scales 1,
camouflage 1, berserk 1, blurry vision 3, wild magic 1, gelatinous body 1,
MP-powered wands
a: Curse Item, Scrying, Transfer Knowledge, Renounce Religion
0: Orb of Zot
}: 3/15 runes: decaying, slimy, gossamer


You escaped.
You worshipped Ashenzari.
Ashenzari was exalted by your worship.
You were hungry.

You visited 13 branches of the dungeon, and saw 58 of its levels.
You visited 2 bazaars.
You visited 1 ziggurat, and saw 13 of its levels.
You also visited: Trove, Sewer, Volcano and Wizlab.

You collected 10392 gold pieces.
You spent 5114 gold pieces at shops.


Innate Abilities, Weirdness & Mutations

You cannot wear most types of armour.
You are amphibious.
You can wear up to eight rings at the same time.
You can use your tentacles to constrict eight enemies at once.
Your skin changes colour to match your surroundings (Stealth+).
Your rubbery body absorbs attacks. (AC +1, EV +1)
You are partially covered in rugged brown scales. (AC +1, +3% HP)
You tend to lose your temper in combat.
Scrolls take you much longer to read.
Your spells are a little harder to cast, but a little more powerful.
You expend magic power (3 MP) to strengthen your wands.


   Skills:
 O Level 27 Fighting
 - Level 8.9(13.2) Maces & Flails
 + Level 21.8(25.1) Dodging
 - Level 18.5(22.1) Stealth
 - Level 23.0(25.0) Shields
 - Level 4.5 Spellcasting
   Level 1.0(3.5) Conjurations
 - Level 11.9(16.0) Hexes
 - Level 12.3(16.5) Charms
 - Level 3.3(7.3) Necromancy
 - Level 3.2(7.1) Translocations
 - Level 3.3(7.2) Transmutations
 - Level 7.6(12.1) Air Magic
 - Level 3.1(7.0) Earth Magic
 - Level 19.9(23.4) Evocations


You had 2 spell levels left.
You knew the following spells:

 Your Spells              Type           Power        Failure   Level  Hunger
i - Invisibility          Hex            #######.     2%          6    ######.
k - Darkness              Hex            #######...   2%          6    ######.
p - Passwall              Tmut/Erth      ######....   1%          2    None
q - Swiftness             Chrm/Air       #######.     1%          2    None
r - Deflect Missiles      Chrm/Air       #######...   6%          6    ######.
z - Regeneration          Chrm/Necr      #######...   1%          3    #......
A - Apportation           Tloc           ######....   1%          1    None
B - Blink                 Tloc           N/A          1%          2    None
S - Silence               Hex/Air        #######...   1%          5    #####..

Inventory:

Hand Weapons
 a - a cursed +9 demon whip of flaming (weapon)
Armour
 T - a cursed +2 hat of intelligence (worn)
 Y - the cursed +5 large shield of Jito (worn) {rElec rF++ Str-2 Int+3}
   (You found it on level 2 of the Crypt)

   It affects your strength (-2).
   It affects your intelligence (+3).
   It greatly protects you from fire.
   It insulates you from electricity.
   It has a curse placed upon it.
Jewellery
 b - the cursed amulet of Seereufo (around mantle) {rF+ MR++ Regen+ MP-9 Str+3}
   (You found it on level 3 of the Crypt)

   [amulet of regeneration]

   It affects your strength (+3).
   It protects you from fire.
   It affects your resistance to hostile enchantments.
   It affects your magic capacity (-9).
   It increases your rate of regeneration.
   It has a curse placed upon it.
 c - the cursed ring "Ydig" (on tentacle) {rPois rC+ Str+2 Stlth+}
   (You bought it in a shop on level 1 of the Depths)

   [ring of stealth]

   It affects your strength (+2).
   It protects you from cold.
   It protects you from poison.
   It makes you more stealthy.
   It has a curse placed upon it.
 g - a cursed +3 ring of slaying (right tentacle)
 n - a cursed +5 ring of protection (on tentacle)
 p - a cursed +4 ring of evasion (on tentacle)
 G - a cursed +6 ring of protection (left tentacle)
 J - the cursed ring "Rauwanaq" (on tentacle) {MP+9 Str+5 Dex+6}
   (You took it off a deep elf blademaster on level 3 of the Elven Halls)

   [ring of magical power]

   It affects your strength (+5).
   It affects your dexterity (+6).
   It affects your magic capacity (+9).
   It has a curse placed upon it.
 S - the cursed ring "Moudabb" (on tentacle) {rN+ MR+ Str+3 Int+6 Slay-2}
   (You found it on level 3 of the Crypt)

   [ring of positive energy]

   It affects your strength (+3).
   It affects your intelligence (+6).
   It affects your accuracy and damage with ranged weapons and melee attacks
   (-2).
   It protects you from negative energy.
   It affects your resistance to hostile enchantments.
   It has a curse placed upon it.
 Z - the cursed ring of Otritz (on tentacle) {MR+ Str+4 Dex+4}
   (You found it on level 4 of the Depths)

   [ring of strength]

   It affects your strength (+4).
   It affects your dexterity (+4).
   It affects your resistance to hostile enchantments.
   It has a curse placed upon it.
Wands
 u - a wand of hasting (4/9)
 E - a wand of acid (6/15)
 F - a wand of disintegration (0/24)
 L - a wand of heal wounds (2/9)
 R - a wand of lightning (7/15)
 V - a wand of digging (8/24)
 X - a wand of teleportation (5/9)
Scrolls
 d - 6 scrolls of immolation
 i - 7 scrolls of recharging
 r - 28 scrolls of identify
 t - 2 scrolls of holy word
 y - 5 scrolls of summoning
 z - 4 scrolls of fear
 A - 14 scrolls of blinking
 B - 8 scrolls of magic mapping
 I - a scroll of silence
 K - 13 scrolls of teleportation
 N - a scroll of remove curse
 O - 6 scrolls of fog
Potions
 h - 2 potions of invisibility
 l - 2 potions of resistance
 o - 20 potions of curing
 q - 10 potions of cancellation
 v - 14 potions of brilliance
 C - a potion of magic
 D - 7 potions of might
 H - 4 potions of flight
 M - 3 potions of heal wounds
 U - 7 potions of agility
 W - 4 potions of berserk rage
Miscellaneous
 f - 3 sacks of spiders
 j - a lamp of fire
 s - a phial of floods
 x - 5 boxes of beasts
 P - a fan of gales
Comestibles
 e - 15 meat rations

Dungeon Overview and Level Annotations

Branches:
Dungeon (15/15)            Temple (1/1) D:5            Lair (6/6) D:9
  Swamp (4/4) Lair:3       Spider (4/4) Lair:4        Slime (5/5) Lair:6
    Orc (2/2) D:9             Elf (3/3) Orc:2        Vaults (4/5) D:14
  Crypt (3/3) Vaults:2       Tomb (1/3) Crypt:3      Depths (5/5) D:15
    Zot (5/5) Depths:5

Altars:
Ashenzari
Cheibriados
Dithmenos
Elyvilon
Fedhas
Gozag
Hepliaklqana
Kikubaaqudgha
Makhleb
Nemelex Xobeh
Okawaru
Pakellas
Qazlal
Ru
Sif Muna
Trog
Uskayaw
Vehumet
Xom
Yredelemnul
Zin
The Shining One
Beogh
Jiyva

Shops:
D:9 (   Orc:1 (   Orc:2 *!?!![!=   Elf:2 :   Vaults:2 ***((   Vaults:3 *
Vaults:4 }   Depths:1 =}}   Depths:2 *

Portals:
Hell: Depths:1 Depths:2 Depths:3 Depths:4 Depths:5
Abyss: Depths:2 Depths:4
Pandemonium: Depths:2 Depths:3

Annotations:
D:2 amulet digvault
Elf:2 Asterion
Tomb:1 exclusion: sphinx
Depths:1 MARA DEMON WHIP

#.........###...###...#.##.####
#.....#..##.#...#.##..#†#....##
#.....##.###.....###..#......##
###.####..##.....##...##.....##
#.# #............####...####
#.# #......#.....# ###..####
#.# #.....###....###....#...
#.####....#...#....##....#...
#..#.....{#.@.#..............
##...###.........###..##.....
#..#..#..#...#..#..#.##.....
#.....#..#...#..#.....#.....
#.....#..##.##..#...........
#..#.#....#.#....#.#.##[....
#..........#.........##...##
#.............####....#.#.##
########......# #.>..'...##


There were no monsters in sight!


Message History

Press: ? - help, Shift-Dir - straight line The rock shatters into small pieces.
This wand has 8 charges left.
You feel yourself slow down.
You are feeling hungry.
There is a stone staircase leading up here.
You feel yourself speed up.
You climb upwards.
A giant gecko comes into view.
There is a stone staircase leading down here.
Casting: Regeneration
Confirm with . or Enter, or press ? or * to list all spells.
Your skin crawls.
The giant gecko hisses angrily.
A giant gecko is nearby!
You block the giant gecko's attack.
You thrash the giant gecko!! You burn the giant gecko.
You kill the giant gecko!
You see here a giant gecko corpse.
(D) Dungeon (T) Temple (L) Lair (S) Swamp (N) Spider Nest (M) Slime Pits (O) Orcish Mines (E) Elven Halls (V) Vaults (C) Crypt (W) Tomb (U) Depths (H) Hell (Z) Zot
Where to? (* - list waypoints, Enter - D:1 @ (x,y), ? - help)
You sense a monster nearby.
You start to feel less resistant.
Your resistance to elements expires.
A giant newt comes into view.
The giant newt hisses angrily.
There is a staircase leading out of the dungeon here.
You have escaped!

Action                   |  1- 3 |  4- 6 |  7- 9 | 10-12 | 13-15 | 16-18 | 19-21 | 22-24 | 25-27 || total
-------------------------+-------+-------+-------+-------+-------+-------+-------+-------+-------++-------
Melee: Dagger            |    29 |    12 |   146 |   667 |  1645 |   611 |       |       |       ||  3110
       Constrict         |     8 |    28 |    62 |    78 |   191 |   142 |   340 |   231 |   223 ||  1303
       Tentacles         |     6 |    17 |    54 |   127 |   525 |   401 |   847 |  1004 |  1152 ||  4133
       Short sword       |       |    95 |   185 |       |       |       |       |       |       ||   280
       Demon whip        |       |       |       |       |       |   615 |  2205 |  2156 |  2415 ||  7391
       Kick              |       |       |       |       |       |       |       |     3 |  1634 ||  1637
Throw: Javelin           |       |    17 |    43 |     9 |    16 |       |       |       |       ||    85
       Throwing net      |       |       |       |       |     1 |       |       |       |       ||     1
 Cast: Shock             |    55 |    66 |     1 |       |       |       |       |       |       ||   122
       Repel Missiles    |       |     1 |     2 |       |       |     2 |     2 |     1 |     2 ||    10
       Passwall          |       |       |       |     4 |     5 |     1 |       |       |     3 ||    13
       Invisibility      |       |       |       |       |     4 |    14 |     8 |     2 |    15 ||    43
       Regeneration      |       |       |       |       |       |       |     6 |     9 |     6 ||    21
       Blink             |       |       |       |       |       |       |     3 |       |     1 ||     4
       Apportation       |       |       |       |       |       |       |       |       |     4 ||     4
       Deflect Missiles  |       |       |       |       |       |       |       |       |     4 ||     4
       Silence           |       |       |       |       |       |       |       |       |     1 ||     1
Invok: Curse Item        |       |       |       |     3 |     4 |     2 |     3 |     3 |     5 ||    20
       Scrying           |       |       |       |     4 |     2 |     5 |     3 |     1 |     2 ||    17
       Transfer Knowledg |       |       |       |       |       |     4 |       |     1 |       ||     5
Evoke: Wand              |       |       |       |     5 |    15 |    12 |     2 |    19 |    12 ||    65
       Phantom mirror    |       |       |       |       |     1 |       |       |       |       ||     1
       Box of beasts     |       |       |       |       |       |       |     1 |       |       ||     1
       Lamp of fire      |       |       |       |       |       |       |       |     1 |     4 ||     5
       Sack of spiders   |       |       |       |       |       |       |       |     1 |     2 ||     3
       Phial of floods   |       |       |       |       |       |       |       |       |     1 ||     1
  Use: Scroll            |       |     3 |     9 |    17 |    16 |    25 |    13 |    12 |    18 ||   113
       Potion            |       |     2 |     6 |    17 |    13 |     4 |     2 |     8 |    31 ||    83
 Stab: Sleeping          |     1 |     6 |    15 |    42 |    55 |    84 |    59 |    49 |    63 ||   374
       Distracted        |       |       |     1 |     6 |    21 |     8 |    17 |    15 |    12 ||    80
       Invisible         |       |       |       |     1 |    40 |    67 |   106 |    44 |   158 ||   416
       Held in net/web   |       |       |       |       |     1 |       |     1 |     3 |       ||     5
       Confused          |       |       |       |       |       |     1 |       |       |       ||     1
  Eat: Chunk             |     3 |     9 |    14 |    28 |    16 |       |       |     4 |     1 ||    75
       Fruit             |     1 |       |     4 |       |    22 |       |     4 |     6 |     4 ||    41
       Pizza             |       |       |     1 |       |       |       |     1 |       |     2 ||     4
       Bread ration      |       |       |     1 |       |     5 |     8 |     1 |     5 |     1 ||    21
       Royal jelly       |       |       |       |     1 |     1 |       |    10 |     3 |     1 ||    16
       Meat ration       |       |       |       |       |       |     2 |     1 |     2 |     6 ||    11
       Beef jerky        |       |       |       |       |       |       |     3 |     1 |     3 ||     7
Armor: Skin              |     2 |     7 |     9 |    48 |    74 |    68 |    63 |    94 |    98 ||   463
Dodge: Dodged            |    29 |    57 |   174 |   211 |   523 |   416 |  1020 |   849 |   961 ||  4240
       Deflected         |       |       |     4 |     2 |       |     3 |     7 |    10 |    36 ||    62
Block: Buckler           |       |    20 |    57 |    24 |       |       |       |       |       ||   101
       Shield            |       |       |       |   146 |   724 |   561 |  1387 |  1210 |       ||  4028
       Reflection        |       |       |       |       |       |    15 |    45 |    29 |       ||    89
       Large shield      |       |       |       |       |       |       |       |   287 |  2113 ||  2400

Vault maps used:
D:1:      erik_arrival_blinker_ship, st_stairs_7
D:2:      first_bread, minmay_statues_item, uniq_natasha
D:3:      grunt_dithmenos_smoke
D:4:      cheibriados_altar_1, gup_sewer_entry_pipe, interstate_on_off,
          uniq_eustachio, uniq_duvessa, uniq_menkaure
D:5:      fedhas_altar_2, nicolae_qazlal_eye_of_the_storm
D:6:      makhleb_grotto_becter, bh_chokoban, serial_park_tiny_pond,
          minmay_misc_feat_chi
D:7:      nemelex_xobeh_ov_fountains_minmay
D:8:      ashenzari_conservatory_becter, marbit_many_paths, grunt_pizzeria,
          johnstein_pakellas_death_squad
D:9:      kennysheep_mini, dancing_weapons_uskayaw, lemuel_round_altar,
          dpeg_oklobed_lair, kennysheep_orc_monster_closet_entryway,
          serial_shops, nicolae_shop_trees
D:10:     minmay_evil_grid
D:11:     uniq_maurice
D:12:     serial_shops, bzr_entry_water, uniq_fannar
D:13:     uniq_snorg
D:14:     grunt_vaults_entry_fortified, minmay_misc_feat_tower, uniq_louise
D:15:     gammafunk_enter_depths_forms, serial_column_ruins,
          column_ruins_columns_corner, column_ruins_corridor_corner,
          column_ruins_open_small, column_ruins_grid_1, glass_columns_a,
          uniq_azrael
Temple:   chequers_temple_sunken
Lair:1:   grunt_megastairs_2
Lair:2:   columned_hall_lemuel, serial_bayou_shore_b, lemuel_fruit_tree
Lair:3:   regret_index_bee_streams, minmay_swamp_entry_reptiles,
          nicolae_volcano_entry_batcave, lemuel_oklob_altar,
          serial_bayou_shore_a
Lair:4:   nicolae_spider_entry_orb_guardian
Lair:5:   serial_bayou_lagoon_a, zaba_antful_of_joy, grunt_megastairs_1
Lair:6:   minmay_lair_end_frog_pond, slime_dummy, serial_bayou_shore_b,
          uniq_rupert
Swamp:1:  hangedman_swamp_diagram
Swamp:2:  evilmike_swamp_ruin_house_6
Swamp:3:  hangedman_swamp_ruin_wall, swamp_pool1, uniq_bai_suzhen
Swamp:4:  swamp_old_school, swamp_pool1, infiniplex_staircase_pool
Spider:1: spider_trap
Spider:2: spider_trap, uniq_agnes
Spider:3: special_room, nicolae_spider_circle_web
Spider:4: grunt_spider_rune_circles
Orc:1:    serial_shops, shop
Orc:2:    st_orc_town, serial_shops, shop_coins, shop, shop, shop_statue
Elf:1:    elf_arrival_001, infiniplex_enter_wizlab_water,
          minmay_elf_crystal_heptagon, nrook_loot_triangle, uniq_frances,
          uniq_kirke
Elf:2:    serial_shops, shop, trove_entry_hex_spiral, uniq_donald, uniq_asterion
Elf:3:    grunt_elf_hall_diamonds
Vaults:1: hangedman_vaults_variations, ontoclasm_vaults_spin, vaults_room_pool,
          nicolae_vaults_border_crossing, vaults_mumra_chevron, v_misc_28,
          v_alt_pattern_5, vaults_room_hallway, ontoclasm_vaults_chip
Vaults:2: v_rooms_3, v_misc_3, minmay_crypt_entry_simple_sparse,
          kennysheep_vaults_gozag_temple, vaults_mumra_minichess_inversion,
          v_misc_2, v_misc_5, v_misc_18, vaults_room_stairs_pillars,
          ontoclasm_vaults_hangar, basic_altar, serial_shops,
          bzr_entry_customers, shop, shop_coins
Vaults:3: vaults_room_fours, vaults_room_door_ring, grunt_vaults_bifocal,
          nicolae_vaults_little_squares_4, v_pattern_4, nicolae_vaults_octagons,
          vaults_dpeg_encased_lava, vaults_mumra_hex, serial_shops, shop_statue
Vaults:4: v_rooms_4, grunt_vaults_hallway_short, ontoclasm_vaults_hangar,
          hangedman_vaults_stretched_pinwheel, v_alt_pattern_4,
          hangedman_vaults_stream, nicolae_vaults_holding_cells, v_misc_31,
          hangedman_vaults_capsules, nicolae_vaults_little_squares_3,
          vaults_room_pool, v_pattern_2, nicolae_vaults_windows_and_doors_thing,
          nicolae_vaults_rhombus_6, serial_shops, nicolae_shop_crystal
Crypt:1:  basic_altar
Crypt:2:  roderic_lattice_octagonal_star, uniq_khufu, uniq_boris
Crypt:3:  david_glass_crypt, minmay_misc_feat_pillars, uniq_jory
Depths:1: hell_entry, kennysheep_small_circle, minmay_shop_grove, uniq_mara,
          uniq_saint_roka
Depths:2: hangedman_spin_cycle, abyss_entry, serial_shops, hell_entry, pan_entry
Depths:3: grunt_arcs, enter_ziggurat_c, grunt_hell_entry_dis_old,
          rand_demon_pan_entry_5, hangedman_abyss_or_decor_lesser_grid,
          serial_bayou_shore_b
Depths:4: grunt_x_marks_the_spot, minivault_11, minmay_room_of_horrors,
          hell_entry, serial_bayou_shore_b
Depths:5: grunt_zot_entry_tricorne, hell_entry, minmay_misc_feat_diagonals,
          lightli_giant_bouncers, basic_stair_grate_trap, uniq_frederick
Zot:1:    grunt_megastairs_4
Zot:2:    minmay_elemental_castle, zot_minivault_1
Zig:1:    ziggurat_pillar_centre_c
Zig:5:    ziggurat_pillar_centre_dead_trees
Zig:7:    ziggurat_loot_3
Zig:12:   ziggurat_loot_1
Bazaar:   bazaar_lake, bazaar_jpeg_honeycomb
Trove:    trove_simple
Sewer:    sewer_minmay_w
Volcano:  volcano_village
WizLab:   wizlab_demon

Notes
Turn   | Place    | Note
-------+----------+-------------------------------------------
     0 | D:1      | Svalbardcaretaker the Octopode Wanderer began the quest for the Orb.
     0 | D:1      | Svalbardcaretaker set off with: a book of Air, a scroll of teleportation, the Almanac of Moulding, a +0 dagger, a bread ration
     0 | D:1      | Reached XP level 1. HP: 11/11 MP: 3/3
     0 | D:1      | Identified the Almanac of Moulding
     2 | D:1      | Learned a level 1 spell: Shock
    67 | D:1      | Reached skill level 2 in Stealth
   221 | D:1      | Reached XP level 2. HP: 13/17 MP: 0/5
   287 | D:1      | Reached skill level 3 in Stealth
   902 | D:2      | Noticed Natasha
   939 | D:2      | Reached skill level 4 in Stealth
   939 | D:2      | Reached XP level 3. HP: 4/21 MP: 4/6
  1727 | D:2      | Reached skill level 1 in Shields
  1996 | D:3      | Reached skill level 1 in Fighting
  2007 | D:3      | Reached XP level 4. HP: 22/28 MP: 2/7
  2276 | D:3      | Found a shadowy altar of Dithmenos.
  2369 | D:2      | Killed Natasha
  2369 | D:2      | Reached skill level 2 in Shields
  2688 | D:4      | Reached skill level 2 in Fighting
  2688 | D:4      | Reached XP level 5. HP: 34/34 MP: 3/8
  2726 | D:4      | Learned a level 2 spell: Swiftness
  2729 | D:4      | Learned a level 2 spell: Repel Missiles
  2736 | D:4      | Noticed a phantom
  2823 | D:4      | Found a glowing drain.
  2865 | Sewer    | Entered a sewer
  2909 | Sewer    | Reached skill level 3 in Shields
  3547 | Sewer    | Reached skill level 4 in Shields
  3572 | Sewer    | Reached XP level 6. HP: 32/39 MP: 5/9
  3601 | Sewer    | Reached skill level 1 in Dodging
  3953 | Sewer    | Reached skill level 2 in Dodging
  3959 | Sewer    | Reached skill level 3 in Fighting
  4344 | D:4      | Reached XP level 7. HP: 34/46 MP: 10/10
  4381 | D:4      | Noticed Duvessa
  4388 | D:5      | Entered Level 5 of the Dungeon
  4490 | D:5      | Found a staircase to the Ecumenical Temple.
  4499 | Temple   | Entered the Ecumenical Temple
  4923 | D:5      | Reached skill level 3 in Dodging
  5179 | D:2      | Noticed Natasha
  5183 | D:2      | Killed Natasha
  5318 | D:2      | Noticed Natasha
  5330 | D:2      | Killed Natasha
  5330 | D:2      | Reached skill level 4 in Fighting
  5987 | D:3      | Reached skill level 4 in Dodging
  6456 | D:4      | Found a snail-covered altar of Cheibriados.
  6457 | D:4      | Noticed Eustachio
  6480 | D:3      | Killed Eustachio
  6480 | D:3      | Reached skill level 5 in Fighting
  6480 | D:3      | Reached XP level 8. HP: 27/55 MP: 11/11
  6781 | D:4      | Noticed Menkaure
  6792 | D:4      | Killed Menkaure
  6792 | D:4      | Reached skill level 5 in Dodging
  7654 | D:5      | Found a stormy altar of Qazlal.
  7705 | D:5      | Identified a potion of resistance
  7788 | D:5      | Found a blossoming altar of Fedhas.
  7823 | D:5      | Reached skill level 6 in Fighting
  8524 | D:6      | Reached skill level 6 in Dodging
  9116 | D:6      | Found a burning altar of Makhleb.
  9120 | D:6      | Reached skill level 1 in Short Blades
  9166 | D:6      | Reached skill level 2 in Short Blades
  9166 | D:6      | Reached XP level 9. HP: 63/63 MP: 12/12
  9314 | D:7      | Reached skill level 3 in Short Blades
  9706 | D:7      | Reached skill level 4 in Short Blades
  9952 | D:7      | Reached skill level 5 in Short Blades
  9967 | D:7      | Got a translucent long sword {slice}
  9968 | D:7      | Identified the cursed +1 long sword of Animal Spirits {slice, rPois rC- Int+5 Dex+4} (You took it off a centaur on level 7 of the Dungeon)
 10016 | D:7      | Reached skill level 6 in Short Blades
 10052 | D:8      | Found a shattered altar of Ashenzari.
 10099 | D:8      | Became a worshipper of Ashenzari the Shackled
 10787 | D:7      | Reached skill level 7 in Short Blades
 11221 | D:7      | Reached skill level 7 in Dodging
 11295 | D:7      | Found a sparkling altar of Nemelex Xobeh.
 11340 | D:7      | Reached XP level 10. HP: 42/69 MP: 13/13
 11468 | D:7      | Reached skill level 8 in Short Blades
 11726 | D:4      | Noticed Dowan
 11740 | D:4      | Killed Duvessa
 11753 | D:4      | Killed Dowan
 12052 | D:8      | Found an iron altar of Okawaru.
 12055 | D:8      | Reached skill level 8 in Dodging
 12375 | D:8      | Learned a level 2 spell: Passwall
 12379 | D:8      | Learned a level 3 spell: Mephitic Cloud
 12383 | D:8      | Learned a level 3 spell: Regeneration
 12482 | D:8      | Found an oddly glowing altar of Pakellas.
 12692 | D:9      | Noticed a dagger
 12693 | D:9      | Found a hide-covered altar of Uskayaw.
 12694 | D:9      | Noticed a hand axe
 12755 | D:9      | Found a staircase to the Lair.
 12780 | Lair:1   | Entered Level 1 of the Lair of Beasts
 12797 | D:9      | Found Iryess's Weapon Emporium.
 12923 | D:9      | Reached * piety under Ashenzari
 12962 | D:9      | Found a bloodstained altar of Trog.
 13087 | D:9      | Found an opulent altar of Gozag.
 13191 | D:9      | Found a staircase to the Orcish Mines.
 13211 | D:10     | Entered Level 10 of the Dungeon
 13276 | D:10     | Reached skill level 7 in Fighting
 13388 | D:10     | Noticed a hill giant
 13601 | D:12     | Reached skill level 9 in Dodging
 13621 | D:12     | Noticed Fannar
 13642 | D:12     | Killed Fannar
 13642 | D:12     | Reached skill level 8 in Fighting
 13712 | D:12     | Found a flickering gateway to a bazaar.
 13720 | D:12     | Noticed a cyan ugly thing
 13723 | Bazaar   | Entered a bazaar
 13723 | Bazaar   | Found Wuxozu's Distillery.
 13723 | Bazaar   | Found Baomauna's Antique Armour Emporium.
 13741 | Bazaar   | Found Seuxeot's Jewellery Boutique.
 13757 | Bazaar   | Found Sorhaun's General Store.
 13779 | Bazaar   | Found Meluimno's Antique Weapon Shoppe.
 13809 | Bazaar   | Bought a scroll of remove curse for 21 gold pieces
 13809 | Bazaar   | Bought a scroll of identify for 14 gold pieces
 13809 | Bazaar   | Bought a scroll of remove curse for 21 gold pieces
 13827 | Bazaar   | Bought a +4 ring of dexterity for 351 gold pieces
 13843 | Bazaar   | Bought a potion of heal wounds for 90 gold pieces
 13843 | Bazaar   | Bought a potion of mutation for 45 gold pieces
 13843 | Bazaar   | Bought a potion of lignification for 54 gold pieces
 13864 | Bazaar   | Gained mutation: You are occasionally teleported next to monsters. [potion of mutation]
 13864 | Bazaar   | Gained mutation: You possess an exceptional clarity of mind. [potion of mutation]
 13864 | Bazaar   | Gained mutation: You are frail. (-10% HP) [potion of mutation]
 13910 | D:12     | Killed a cyan ugly thing
 13910 | D:12     | Reached XP level 11. HP: 70/70 MP: 14/14
 13949 | D:12     | Gained mutation: You are resistant to hostile enchantments. (MR+) [mutagenic meat]
 13955 | D:12     | Gained mutation: You are partially covered in iridescent scales. (AC +2) [mutagenic meat]
 13958 | D:12     | Gained mutation: Your flesh is cold resistant. (rC+) [mutagenic meat]
 13995 | D:12     | Reached skill level 10 in Dodging
 14171 | D:11     | Noticed a red ugly thing
 14309 | D:11     | Noticed Maurice
 14314 | D:11     | Killed Maurice
 14314 | D:11     | Reached skill level 9 in Fighting
 14362 | D:11     | Identified a wand of heal wounds
 14456 | D:11     | Killed an unseen horror
 14732 | Lair:1   | Reached ** piety under Ashenzari
 15503 | Lair:2   | Reached skill level 5 in Stealth
 15634 | Lair:2   | Noticed a four-headed hydra
 15803 | Lair:2   | Noticed a death yak
 15911 | Lair:3   | Noticed a lindwurm
 15926 | Lair:3   | Killed a lindwurm
 15976 | Lair:3   | Noticed a griffon
 16006 | Lair:3   | Killed a griffon
 16006 | Lair:3   | Reached skill level 10 in Fighting
 16006 | Lair:3   | Reached skill level 6 in Stealth
 16006 | Lair:3   | Reached skill level 5 in Shields
 16077 | Lair:3   | Found a dark tunnel.
 16093 | Volcano  | Entered a volcano
 16400 | Volcano  | Noticed a deep elf mage
 16408 | Volcano  | Killed a deep elf mage
 16419 | Volcano  | Reached skill level 7 in Stealth
 16430 | Volcano  | Reached XP level 12. HP: 65/79 MP: 11/15
 16621 | Lair:3   | Found a staircase to the Swamp.
 16653 | Lair:3   | Reached skill level 6 in Shields
 16735 | Lair:4   | Learned a level 2 spell: Blink
 16768 | Lair:4   | Noticed a death yak
 16805 | Lair:4   | Killed a death yak
 16805 | Lair:4   | Reached skill level 7 in Shields
 17091 | Lair:4   | Reached skill level 8 in Shields
 17293 | Lair:4   | Noticed a seven-headed hydra
 17469 | Lair:4   | Found a hole to the Spider Nest.
 17486 | Spider:1 | Entered Level 1 of the Spider Nest
 17500 | Spider:1 | Reached skill level 9 in Shields
 17601 | Lair:4   | Noticed a four-headed hydra
 17697 | Lair:5   | Reached *** piety under Ashenzari
 17911 | Lair:6   | Entered Level 6 of the Lair of Beasts
 17996 | Lair:6   | Noticed a seven-headed hydra
 18008 | Lair:6   | Noticed Rupert
 18226 | Lair:6   | Reached skill level 10 in Shields
 18747 | Lair:5   | Noticed an entropy weaver
 18940 | Lair:5   | Reached skill level 8 in Stealth
 18940 | Lair:5   | Reached skill level 11 in Shields
 19273 | Lair:5   | Reached XP level 13. HP: 83/83 MP: 16/16
 19372 | Lair:6   | Found a staircase to the Slime Pits.
 19372 | Lair:6   | Identified the +7 flail of True Grit {distort, rPois Str-5 Dex+4}
 19395 | Lair:5   | Reached skill level 9 in Stealth
 19642 | Lair:5   | Killed an entropy weaver
 19642 | Lair:5   | Reached skill level 10 in Stealth
 20018 | Lair:5   | Reached skill level 11 in Stealth
 20061 | Lair:5   | Noticed an entropy weaver
 20190 | Lair:3   | Found a white marble altar of Elyvilon.
 20450 | Lair:1   | Reached **** piety under Ashenzari
 20538 | Lair:1   | Reached skill level 12 in Stealth
 21266 | Lair:1   | Reached skill level 12 in Shields
 21310 | Lair:1   | Reached skill level 13 in Stealth
 22008 | D:10     | Noticed a sphinx
 22626 | D:11     | Gained mutation: You are partially covered in rugged brown scales. (AC +1, +3% HP) [mutagenic meat]
 22635 | D:11     | Reached skill level 14 in Stealth
 23786 | D:13     | Reached skill level 15 in Stealth
 23849 | D:13     | Noticed Snorg
 24891 | D:13     | Killed Snorg
 24891 | D:13     | Reached skill level 16 in Stealth
 25105 | D:13     | Gained mutation: Your magical capacity is low. (-10% MP) [potion of mutation]
 25105 | D:13     | Lost mutation: Your magical capacity is low. (-10% MP) [potion of mutation]
 25154 | D:13     | Reached skill level 13 in Shields
 25588 | D:14     | Reached XP level 14. HP: 92/92 MP: 17/17
 25644 | D:14     | Reached skill level 17 in Stealth
 25691 | D:14     | Noticed Louise
 25717 | D:15     | Entered Level 15 of the Dungeon
 25943 | D:14     | Reached ***** piety under Ashenzari
 26302 | D:15     | Gained mutation: You are very frail. (-20% HP) [mutagenic meat]
 26305 | D:15     | Lost mutation: Your flesh is cold resistant. (rC+) [mutagenic meat]
 26350 | D:15     | Reached skill level 18 in Stealth
 26350 | D:15     | Reached skill level 3 in Spellcasting
 26363 | D:15     | Noticed Azrael
 26437 | D:15     | Identified 2 scrolls of acquirement
 26850 | D:14     | Reached skill level 4 in Spellcasting
 26902 | D:14     | Killed Louise
 26902 | D:14     | Identified the +4 large shield "Ona Epif" {+Blink Str+4 Stlth-} (You took it off Louise on level 14 of the Dungeon)
 26923 | D:14     | Learned a level 6 spell: Invisibility
 27070 | D:14     | Reached skill level 11 in Fighting
 27206 | D:14     | Reached skill level 11 in Dodging
 27598 | Orc:1    | Entered Level 1 of the Orcish Mines
 27658 | Orc:1    | Found Qaesaqo's Antique Weapon Boutique.
 27764 | Orc:2    | Entered Level 2 of the Orcish Mines
 27764 | Orc:2    | Found a staircase to the Elven Halls.
 27764 | Orc:2    | Found Lyqatim's Assorted Antiques.
 27777 | Orc:2    | Bought a worn copper wand for 88 gold pieces
 27777 | Orc:2    | Bought a scroll of remove curse for 66 gold pieces
 27789 | Orc:2    | Found Rexzepredwu's Distillery.
 27798 | Orc:2    | Bought a potion of cure mutation for 325 gold pieces
 27798 | Orc:2    | Bought a potion of heal wounds for 65 gold pieces
 27798 | Orc:2    | Lost mutation: You are very frail. (-20% HP) [potion of cure mutation]
 27798 | Orc:2    | Lost mutation: You are occasionally teleported next to monsters. [potion of cure mutation]
 27798 | Orc:2    | Lost mutation: You are partially covered in rugged brown scales. (AC +1, +3% HP) [potion of cure mutation]
 27798 | Orc:2    | Lost mutation: You are resistant to hostile enchantments. (MR+) [potion of cure mutation]
 27798 | Orc:2    | Lost mutation: You are frail. (-10% HP) [potion of cure mutation]
 27798 | Orc:2    | Lost mutation: You possess an exceptional clarity of mind. [potion of cure mutation]
 27942 | D:12     | Gained mutation: You are partially covered in rugged brown scales. (AC +1, +3% HP) [potion of beneficial mutation]
 27943 | D:12     | Gained mutation: You have a pair of small antennae on your head. [potion of beneficial mutation]
 28144 | Orc:2    | Reached skill level 1 in Hexes
 28155 | Orc:2    | Found Donudot's Magic Scroll Shoppe.
 28164 | Orc:2    | Found Narokloa's Distillery.
 28178 | Orc:2    | Reached skill level 2 in Hexes
 28184 | Orc:2    | Reached skill level 3 in Hexes
 28380 | Orc:2    | Reached skill level 4 in Hexes
 28395 | Orc:2    | Bought a scroll of identify for 30 gold pieces
 28395 | Orc:2    | Bought a scroll of random uselessness for 15 gold pieces
 28395 | Orc:2    | Bought a scroll of teleportation for 45 gold pieces
 28410 | Orc:2    | Bought a potion of lignification for 36 gold pieces
 28552 | Orc:2    | Found a roughly hewn altar of Beogh.
 28597 | Orc:2    | Found Emizik's Distillery.
 28612 | Orc:2    | Bought a potion of lignification for 48 gold pieces
 28712 | Orc:2    | Found Dumem's Jewellery Boutique.
 28739 | Orc:2    | Reached skill level 5 in Hexes
 29000 | Orc:2    | Bought a +3 ring of protection for 315 gold pieces
 29039 | Orc:2    | Reached XP level 15. HP: 110/110 MP: 21/21
 29076 | Orc:2    | Found Hogu's Antique Armour Boutique.
 29076 | Orc:2    | Found Vubaim's Distillery.
 29232 | Orc:2    | Bought a potion of beneficial mutation for 455 gold pieces
 29232 | Orc:2    | Gained mutation: You are resistant to hostile enchantments. (MR+) [potion of beneficial mutation]
 29754 | Lair:2   | Reached skill level 6 in Hexes
 29774 | Lair:2   | Reached skill level 7 in Hexes
 29958 | Orc:2    | Bought a scroll of remove curse for 45 gold pieces
 29958 | Orc:2    | Bought a scroll of remove curse for 45 gold pieces
 30483 | Lair:4   | Reached skill level 8 in Hexes
 31131 | Lair:6   | Reached skill level 9 in Hexes
 31186 | Lair:6   | HP: 5/110 [spiny frog (20)]
 31511 | Lair:6   | Killed Rupert
 31591 | Lair:6   | Reached skill level 10 in Hexes
 32335 | Lair:3   | Reached skill level 11 in Hexes
 33058 | D:10     | Killed a sphinx
 33058 | D:10     | Reached skill level 12 in Hexes
 33513 | D:14     | Reached XP level 16. HP: 63/116 MP: 11/22
 33860 | D:14     | Found a gate to the Vaults.
 33937 | D:14     | Identified the +9 bardiche of the Many Tales {drain, Stlth+}
 33954 | D:14     | Reached skill level 13 in Hexes
 34177 | D:15     | Killed Azrael
 34202 | D:15     | Found a staircase to the Depths.
 34396 | Depths:1 | Entered Level 1 of the Depths
 34396 | Depths:1 | Noticed Saint Roka
 34405 | Depths:1 | Noticed Mara
 34413 | Depths:1 | Killed Saint Roka
 34413 | Depths:1 | Reached skill level 14 in Hexes
 34423 | Depths:1 | Noticed Svalbardcaretaker's illusion
 34821 | Elf:1    | Entered Level 1 of the Elven Halls
 34850 | Elf:1    | Noticed Frances
 34877 | Elf:1    | Killed Frances
 34891 | Elf:1    | Found a magical portal.
 34903 | WizLab   | Entered The Hall of the Hellbinder
 35212 | WizLab   | Noticed Zodgh
 35216 | WizLab   | Found a burning altar of Makhleb.
 35218 | WizLab   | Killed Zodgh the Hellbinder
 35218 | WizLab   | Reached skill level 15 in Hexes
 35242 | WizLab   | Identified the Guide on Companions
 35243 | WizLab   | Identified the Handbook of Summoning
 35656 | Elf:1    | Noticed Svalbardcaretaker's ghost (journeyman SpEn)
 35682 | Elf:1    | Killed Svalbardcaretaker's ghost
 35687 | Elf:1    | Reached XP level 17. HP: 79/120 MP: 15/23
 35717 | Elf:1    | Reached skill level 16 in Hexes
 35798 | Elf:1    | Reduced skill Hexes to level 15
 35837 | Elf:2    | Found Epuer's Book Emporium.
 35860 | Elf:2    | Reached skill level 12 in Fighting
 35927 | Elf:2    | Found a portal to a secret trove of treasure.
 36007 | Elf:3    | Entered Level 3 of the Elven Halls
 36089 | Elf:3    | Reached skill level 13 in Fighting
 36090 | Elf:3    | Reduced skill Hexes to level 14
 36303 | Elf:3    | Reached skill level 14 in Fighting
 36590 | Elf:3    | Reduced skill Hexes to level 13
 36590 | Elf:3    | Reached skill level 12 in Dodging
 36721 | Elf:2    | Reached skill level 15 in Fighting
 36738 | Elf:2    | Found a runed gate.
 36738 | Elf:2    | Found a runed gate.
 36738 | Elf:2    | Found a runed gate.
 36886 | Elf:2    | Reduced skill Hexes to level 12
 36947 | Elf:2    | Noticed a deep elf blademaster
 36955 | Elf:2    | Killed a deep elf blademaster
 36955 | Elf:2    | Reached skill level 16 in Fighting
 36964 | Elf:2    | Reduced skill Hexes to level 11
 36994 | Elf:2    | Noticed Donald
 37008 | Elf:2    | Killed Donald
 37353 | Elf:2    | Noticed Asterion
 37659 | Elf:2    | Reached skill level 13 in Dodging
 37891 | Elf:1    | Noticed Kirke
 37902 | Elf:1    | Killed Kirke
 38504 | Elf:2    | Reached XP level 18. HP: 141/141 MP: 17/24
 38711 | Orc:2    | Bought a potion of heal wounds for 60 gold pieces
 38711 | Orc:2    | Bought a potion of heal wounds for 60 gold pieces
 38726 | Orc:2    | Bought a potion of heal wounds for 65 gold pieces
 38726 | Orc:2    | Bought a potion of might for 52 gold pieces
 38726 | Orc:2    | Bought a potion of berserk rage for 65 gold pieces
 38769 | Orc:2    | Bought a potion of heal wounds for 80 gold pieces
 38769 | Orc:2    | Bought a potion of heal wounds for 80 gold pieces
 38807 | Orc:2    | Bought a scroll of enchant armour for 112 gold pieces
 38807 | Orc:2    | Bought a scroll of enchant armour for 112 gold pieces
 38835 | Orc:2    | Bought a scroll of enchant weapon for 165 gold pieces
 38835 | Orc:2    | Bought a scroll of blinking for 165 gold pieces
 39361 | Swamp:1  | Entered Level 1 of the Swamp
 39375 | Swamp:1  | Reached skill level 1 in Maces & Flails
 39489 | Swamp:1  | Reached skill level 2 in Maces & Flails
 39532 | Swamp:1  | Reached skill level 3 in Maces & Flails
 39576 | Swamp:1  | Reached skill level 4 in Maces & Flails
 39688 | Swamp:1  | Reduced skill Short Blades to level 7
 39755 | Swamp:1  | Reached skill level 5 in Maces & Flails
 40005 | Swamp:2  | Reached skill level 6 in Maces & Flails
 40046 | Swamp:2  | Reduced skill Short Blades to level 6
 40239 | Swamp:2  | Reached skill level 7 in Maces & Flails
 40390 | Swamp:2  | Reduced skill Short Blades to level 5
 40390 | Swamp:2  | Reached skill level 17 in Fighting
 40413 | Swamp:2  | Reduced skill Short Blades to level 4
 40413 | Swamp:2  | Reached skill level 8 in Maces & Flails
 40531 | Swamp:2  | Reduced skill Short Blades to level 3
 40729 | Swamp:3  | Reduced skill Short Blades to level 2
 40821 | Swamp:3  | Reduced skill Short Blades to level 1
 40856 | Swamp:3  | Reduced skill Short Blades to level 0
 41067 | Swamp:3  | Noticed Bai Suzhen
 41406 | Swamp:3  | Killed Bai Suzhen
 41725 | Swamp:4  | Entered Level 4 of the Swamp
 41742 | Swamp:4  | Reached skill level 18 in Fighting
 41863 | Swamp:4  | Reached skill level 14 in Dodging
 42369 | Swamp:4  | Noticed the 27-headed Lernaean hydra
 42384 | Swamp:4  | Killed the 27-headed Lernaean hydra
 42465 | Swamp:4  | Got a decaying rune of Zot
 43103 | Vaults:1 | Entered Level 1 of the Vaults
 43307 | Vaults:2 | Found Xiup's Antique Weapon Shop.
 43383 | Vaults:2 | Reached XP level 19. HP: 152/152 MP: 20/25
 43423 | Vaults:2 | Found a flickering gateway to a bazaar.
 43553 | Vaults:2 | Reached skill level 15 in Dodging
 43577 | Vaults:2 | Found a glowing silver altar of Zin.
 43739 | Bazaar   | Entered a bazaar
 43760 | Bazaar   | Found Zuighu's Weapon Shop.
 43773 | Bazaar   | Found Keogyh's Food Shop.
 43805 | Bazaar   | Found Bionwen's Distillery.
 43805 | Bazaar   | Found Cioruyqa's Magic Scroll Boutique.
 43821 | Bazaar   | Bought a scroll of enchant weapon for 97 gold pieces
 43821 | Bazaar   | Bought a scroll of remove curse for 39 gold pieces
 43821 | Bazaar   | Bought a scroll of fog for 26 gold pieces
 43832 | Bazaar   | Bought a potion of berserk rage for 90 gold pieces
 44200 | Vaults:3 | Found Vyox's General Store.
 44259 | Vaults:2 | Reached ****** piety under Ashenzari
 44305 | Vaults:2 | Reached skill level 19 in Fighting
 44377 | Vaults:2 | Found a staircase to the Crypt.
 44383 | Vaults:2 | Found Gozag's Assorted Antiques.
 44488 | Crypt:1  | Entered Level 1 of the Crypt
 44765 | Crypt:1  | Found a basalt altar of Yredelemnul.
 44821 | Vaults:2 | Found Gozag's Assorted Antiques.
 44829 | Vaults:2 | Found an opulent altar of Gozag.
 44829 | Vaults:2 | Found Gozag's Assorted Antiques.
 44954 | Vaults:2 | Reached skill level 16 in Dodging
 46499 | Spider:1 | Reached XP level 20. HP: 142/162 MP: 21/26
 46686 | Spider:1 | Reached skill level 20 in Fighting
 47457 | Spider:2 | Reached skill level 17 in Dodging
 47510 | Spider:2 | Noticed Agnes
 47518 | Spider:2 | Killed Agnes
 47890 | Spider:4 | Entered Level 4 of the Spider Nest
 48607 | Spider:3 | Reached skill level 1 in Charms
 48817 | Spider:3 | Reached skill level 1 in Translocations
 48817 | Spider:3 | Reached skill level 1 in Earth Magic
 48956 | Spider:4 | Reached skill level 1 in Necromancy
 49319 | Spider:4 | Reached skill level 2 in Charms
 49360 | Spider:4 | Reached skill level 2 in Translocations
 49360 | Spider:4 | Reached skill level 2 in Transmutations
 49360 | Spider:4 | Reached skill level 3 in Air Magic
 49558 | Spider:4 | Reached skill level 2 in Earth Magic
 49611 | Spider:4 | Identified the cursed +1 hand axe of Bloodstone {vamp, rN+ MR- Str+2 Dex+4}
 49627 | Spider:4 | Reached skill level 2 in Necromancy
 50069 | Spider:4 | Reached skill level 3 in Charms
 50088 | Spider:4 | Reached skill level 3 in Necromancy
 50116 | Spider:4 | Got a gossamer rune of Zot
 50145 | Spider:4 | Reached skill level 3 in Translocations
 50145 | Spider:4 | Reached skill level 3 in Transmutations
 50147 | Spider:4 | Reached skill level 3 in Earth Magic
 50763 | Elf:3    | Reached XP level 21. HP: 166/169 MP: 27/27
 51073 | Elf:3    | Identified the amulet of the Foremost Runes {Dismiss Int+3} (You took it off a deep elf demonologist on level 3 of the Elven Halls)
 51099 | Elf:3    | Identified the ring "Rauwanaq" {MP+9 Str+5 Dex+6} (You took it off a deep elf blademaster on level 3 of the Elven Halls)
 51162 | Elf:3    | Reached skill level 18 in Dodging
 51165 | Elf:3    | Reached skill level 21 in Fighting
 51823 | Vaults:1 | Reached skill level 14 in Shields
 52099 | Vaults:1 | Reached skill level 15 in Shields
 52504 | Vaults:1 | Reached skill level 16 in Shields
 52912 | Vaults:1 | Reached skill level 17 in Shields
 53148 | Vaults:2 | Found Woqetih's Antique Weapon Emporium.
 53511 | Vaults:3 | Reached skill level 18 in Shields
 53578 | Vaults:3 | Reached XP level 22. HP: 179/179 MP: 28/28
 54046 | Vaults:4 | Found Likhesoh's Gadget Shop.
 55191 | Vaults:4 | Reached skill level 19 in Dodging
 55599 | Vaults:3 | Reached skill level 22 in Fighting
 56737 | Crypt:1  | Reached XP level 23. HP: 179/187 MP: 29/29
 57347 | Crypt:2  | Noticed Khufu
 57352 | Crypt:2  | Noticed a greater mummy
 57376 | Crypt:2  | Killed Khufu
 57609 | Crypt:2  | Identified the +5 large shield of Jito {rElec rF++ Str-2 Int+3}
 57811 | Crypt:3  | Entered Level 3 of the Crypt
 57857 | Crypt:3  | Reached skill level 20 in Dodging
 58096 | Crypt:3  | Identified the amulet of Seereufo {rF+ MR++ Regen+ MP-9 Str+3}
 58096 | Crypt:3  | Identified the +6 battleaxe "Lis Guy" {holy, *Drain Int+7}
 58616 | Crypt:2  | Noticed Boris
 58672 | Crypt:2  | Killed Boris
 58887 | Crypt:2  | Reached skill level 23 in Fighting
 58909 | Crypt:2  | Killed a greater mummy
 59369 | Crypt:3  | Noticed Jory
 59439 | Crypt:3  | Killed Jory
 59679 | Crypt:3  | Found a staircase to the Tomb.
 59905 | Tomb:1   | Entered Level 1 of the Tomb of the Ancients
 60242 | Tomb:1   | Identified the cursed +1 scimitar "Laohoosi" {antimagic, *Confuse +Inv rN+++ Int-4}
 60359 | Crypt:3  | Noticed an ancient lich
 60360 | Crypt:3  | Noticed an ancient lich
 60483 | Crypt:3  | Killed an ancient lich
 60483 | Crypt:3  | Reduced skill Poison Magic to level 0
 60483 | Crypt:3  | Reached XP level 24. HP: 198/198 MP: 29/29
 60533 | Crypt:3  | Reached skill level 21 in Dodging
 60776 | Crypt:3  | Killed an ancient lich
 60808 | Crypt:3  | Identified the ring "Keebe" {rN+ Str+7 Int-4}
 60808 | Crypt:3  | Identified the ring "Moudabb" {rN+ MR+ Str+3 Int+6 Slay-2}
 61372 | Slime:1  | Entered Level 1 of the Pits of Slime
 61413 | Slime:1  | Gained mutation: You tend to lose your temper in combat. [a shining eye]
 61613 | Slime:3  | Gained mutation: You are weak. (Str -2) [a shining eye]
 61614 | Slime:3  | Gained mutation: Scrolls take you a little longer to read. [a shining eye]
 61695 | Slime:5  | Entered Level 5 of the Pits of Slime
 61738 | Slime:5  | Reached skill level 2 in Evocations
 61861 | Slime:5  | Reached skill level 3 in Evocations
 61879 | Slime:5  | Gained mutation: You are dopey. (Int -2) [a shining eye]
 61924 | Slime:5  | Noticed the Royal Jelly
 61926 | Slime:5  | Found a viscous altar of Jiyva.
 61945 | Slime:5  | Killed the Royal Jelly
 61945 | Slime:5  | Reached skill level 6 in Evocations
 61946 | Slime:5  | Identified the cursed +1 hand axe of Ewop {venom, Fragile rF+ Str+4}
 61974 | Slime:5  | Gained mutation: You occasionally shout uncontrollably at your foes. [a shining eye]
 61979 | Slime:5  | Reached skill level 7 in Evocations
 61981 | Slime:5  | Identified the amulet "Syumoro" {Gourm rElec Int+4}
 62054 | Slime:5  | Got a slimy rune of Zot
 62070 | Slime:5  | Identified the Papyrus of Glacial Air
 62079 | Slime:5  | Learned a level 6 spell: Deflect Missiles
 62128 | Slime:5  | Learned a level 1 spell: Apportation
 62279 | Lair:6   | Lost mutation: You tend to lose your temper in combat. [potion of cure mutation]
 62279 | Lair:6   | Lost mutation: You have a pair of small antennae on your head. [potion of cure mutation]
 62279 | Lair:6   | Lost mutation: You are weak. (Str -2) [potion of cure mutation]
 62601 | Elf:2    | You paid a toll of 13 potions of heal wounds to enter a treasure trove
 62602 | Trove    | Entered a treasure trove
 62608 | Trove    | Identified the cursed ring of Bagriafyh {Fire Dex+4 Stlth+}
 62608 | Trove    | Identified the cursed ring "Nipt" {Fire +Inv rPois MR- Int+3}
 62608 | Trove    | Identified the cursed +0 shield of the Untouchables {rF+ Int+6 SInv Stlth-}
 63440 | Depths:1 | Noticed Svalbardcaretaker's illusion
 63523 | Depths:1 | Killed Mara
 63592 | Depths:1 | Found Deutio Ifex's Gadget Shop.
 63593 | Depths:1 | Found Ofunnied's Jewellery Shoppe.
 63594 | Depths:1 | Found Reyxzy's Gadget Shop.
 63609 | Depths:1 | Bought the ring "Ydig" {rPois rC+ Str+2 Stlth+} for 718 gold pieces
 63801 | Depths:1 | Found a gateway to Hell.
 64194 | Depths:2 | Reached skill level 19 in Shields
 64329 | Depths:2 | Gained mutation: Your magical capacity is low. (-10% MP) [mutagenic meat]
 64332 | Depths:2 | Gained mutation: One of your tentacles bears a spike. [mutagenic meat]
 64335 | Depths:2 | Gained mutation: One of your tentacles bears a nasty spike. [mutagenic meat]
 64348 | Depths:2 | Identified the +0 hand crossbow "Baqacs" {elec, rF+ SInv}
 64354 | Depths:2 | Reached XP level 25. HP: 206/206 MP: 26/26
 64577 | Depths:2 | Noticed Margery
 64578 | Depths:2 | Identified the ring of Unotif {rElec Str+4 Dex+2}
 64586 | Depths:2 | Killed Margery
 64637 | Depths:2 | Reached skill level 20 in Shields
 64725 | Depths:2 | Found a one-way gate to the infinite horrors of the Abyss.
 64743 | Depths:2 | Identified the ring of Ximin {rN+ Dex+2}
 64859 | Depths:2 | Found Uquot's General Store.
 64881 | Depths:2 | Identified the ring "Guabbeih" {Str+2 Int+2 Stlth+}
 64967 | Depths:2 | Found a one-way gate leading to the halls of Pandemonium.
 65236 | Depths:3 | Reached skill level 21 in Shields
 65472 | Depths:3 | Identified the Almanac of Combat Magic
 65634 | Depths:3 | Found a gateway to a ziggurat.
 65760 | Depths:3 | Reached skill level 22 in Shields
 66167 | Depths:5 | Entered Level 5 of the Depths
 66231 | Depths:5 | Reached XP level 26. HP: 211/213 MP: 26/26
 66245 | Depths:5 | Noticed Frederick
 66255 | Depths:5 | Killed Frederick
 66406 | Depths:5 | Found a gate to the Realm of Zot.
 66483 | Depths:5 | Noticed a juggernaut
 66506 | Depths:5 | Killed a juggernaut
 66515 | Depths:5 | Reached skill level 23 in Shields
 66560 | Depths:4 | Reached skill level 4 in Air Magic
 66611 | Depths:4 | Reached skill level 5 in Air Magic
 66677 | Depths:4 | Noticed a juggernaut
 66678 | Depths:4 | Identified the +6 rapier "Wuvet" {flame, rF+ MR+}
 66678 | Depths:4 | Identified the ring of Otritz {MR+ Str+4 Dex+4}
 66701 | Depths:4 | Killed a juggernaut
 66701 | Depths:4 | Reached skill level 6 in Air Magic
 66712 | Depths:4 | Reached skill level 7 in Air Magic
 66771 | Depths:4 | Reached skill level 4 in Charms
 66806 | Depths:4 | Reached skill level 5 in Charms
 66946 | Depths:4 | Reached skill level 6 in Charms
 67076 | Depths:4 | Reached skill level 7 in Charms
 67277 | Depths:4 | Reached skill level 8 in Charms
 67655 | Depths:4 | Reached skill level 9 in Charms
 68150 | Depths:5 | Found a runed door.
 68198 | Depths:5 | Reached skill level 10 in Charms
 68356 | Depths:5 | Reached XP level 27. HP: 218/219 MP: 26/26
 68385 | Depths:5 | Reached skill level 11 in Charms
 68465 | Zot:1    | Entered Level 1 of the Realm of Zot
 68545 | Zot:1    | Reached skill level 12 in Charms
 68674 | Zot:1    | Reached skill level 24 in Fighting
 69597 | Zot:3    | Reached skill level 25 in Fighting
 70002 | Zot:2    | Identified the +8 quarterstaff "Beetlebane" {venom, Stlth+}
 70299 | Zot:2    | Reached skill level 26 in Fighting
 71065 | Orc:2    | Bought a potion of berserk rage for 60 gold pieces
 71065 | Orc:2    | Bought a potion of haste for 120 gold pieces
 71065 | Orc:2    | Bought a potion of haste for 120 gold pieces
 71101 | Orc:2    | Bought a potion of haste for 160 gold pieces
 71122 | Orc:2    | Bought a potion of invisibility for 104 gold pieces
 71122 | Orc:2    | Bought 2 potions of agility for 104 gold pieces
 71122 | Orc:2    | Bought a potion of invisibility for 104 gold pieces
 71122 | Orc:2    | Bought a potion of might for 52 gold pieces
 71122 | Orc:2    | Bought a potion of resistance for 130 gold pieces
 71606 | Zot:2    | Learned a level 5 spell: Silence
 72109 | Zot:4    | Reached skill level 27 in Fighting
 72213 | Zot:4    | Noticed an orb of fire
 72226 | Zot:4    | Gained mutation: You sometimes yell uncontrollably at your foes. [an orb of fire]
 72234 | Zot:4    | Gained mutation: You are frail. (-10% HP) [an orb of fire]
 72236 | Zot:4    | Killed an orb of fire
 72236 | Zot:4    | Reached skill level 8 in Evocations
 72252 | Zot:4    | Reached skill level 9 in Evocations
 72397 | Zot:4    | Reached skill level 10 in Evocations
 72467 | Zot:4    | Reached skill level 11 in Evocations
 72535 | Zot:5    | Entered Level 5 of the Realm of Zot
 72773 | Zot:5    | Reached skill level 12 in Evocations
 73072 | Zig:1    | Entered Level 1 of a ziggurat
 73090 | Zig:2    | Entered Level 2 of a ziggurat
 73124 | Zig:3    | Entered Level 3 of a ziggurat
 73164 | Zig:4    | Entered Level 4 of a ziggurat
 73177 | Zig:4    | Reached skill level 13 in Evocations
 73210 | Zig:5    | Entered Level 5 of a ziggurat
 73219 | Zig:5    | Identified the +7 short sword "Receb" {vamp, rElec Stlth+}
 73292 | Zig:6    | Entered Level 6 of a ziggurat
 73451 | Zig:7    | Entered Level 7 of a ziggurat
 73510 | Zig:7    | Reached skill level 14 in Evocations
 73533 | Zig:8    | Entered Level 8 of a ziggurat
 73759 | Zig:9    | Entered Level 9 of a ziggurat
 73765 | Zig:9    | Noticed a greater mummy
 73775 | Zig:9    | Noticed a greater mummy
 73776 | Zig:9    | Noticed a greater mummy
 73788 | Zig:9    | Killed a greater mummy
 73788 | Zig:9    | Killed a greater mummy
 73788 | Zig:9    | Reached skill level 15 in Evocations
 73798 | Zig:9    | Killed a greater mummy
 73877 | Zig:9    | Lost mutation: You are dopey. (Int -2) [potion of cure mutation]
 73877 | Zig:9    | Lost mutation: You sometimes yell uncontrollably at your foes. [potion of cure mutation]
 73877 | Zig:9    | Lost mutation: One of your tentacles bears a nasty spike. [potion of cure mutation]
 73877 | Zig:9    | Lost mutation: Your magical capacity is low. (-10% MP) [potion of cure mutation]
 73877 | Zig:9    | Lost mutation: Scrolls take you a little longer to read. [potion of cure mutation]
 73878 | Zig:9    | Lost mutation: You occasionally shout uncontrollably at your foes. [potion of cure mutation]
 73878 | Zig:9    | Lost mutation: You are resistant to hostile enchantments. (MR+) [potion of cure mutation]
 73878 | Zig:9    | Lost mutation: You are frail. (-10% HP) [potion of cure mutation]
 73878 | Zig:9    | Lost mutation: You are partially covered in iridescent scales. (AC +2) [potion of cure mutation]
 73878 | Zig:9    | Lost mutation: One of your tentacles bears a spike. [potion of cure mutation]
 73907 | Zig:9    | Gained mutation: You evolve. [potion of beneficial mutation]
 73909 | Zig:10   | Entered Level 10 of a ziggurat
 73922 | Zig:10   | Identified the +9 long sword "Ixu Ofah" {freeze, rC+ rN+ Int+3}
 73923 | Zig:10   | Noticed a juggernaut
 73924 | Zig:10   | Identified a potion of experience
 73929 | Zig:10   | Killed a juggernaut
 73929 | Zig:10   | Reached skill level 16 in Evocations
 73964 | Zig:10   | Identified the Grimoire of the Entourage
 73987 | Zig:10   | Reached skill level 17 in Evocations
 74047 | Zig:11   | Entered Level 11 of a ziggurat
 74063 | Zig:11   | Noticed an ancient lich
 74092 | Zig:11   | Killed an ancient lich
 74103 | Zig:11   | Reached skill level 18 in Evocations
 74124 | Zig:11   | Identified Sif Muna's Reference Book on Curses
 74141 | Zig:11   | Learned a level 6 spell: Darkness
 74196 | Zig:12   | Entered Level 12 of a ziggurat
 74212 | Zig:12   | Gained mutation: Scrolls take you a little longer to read. [a shining eye]
 74264 | Zig:12   | Identified the +6 spear "Loopipsa" {drain, *Confuse rN+ Dex+3}
 74265 | Zig:12   | Identified the +6 short sword "Ropeanol" {speed, +Fly}
 74270 | Zig:12   | Identified the Incunabulum of Igneous Black Arts
 74355 | Zig:13   | Entered Level 13 of a ziggurat
 74370 | Zig:13   | Identified a wand of hasting
 74370 | Zig:13   | Identified the ring "Ovesus" {+Fly Str+2 Int+3 Dex+4}
 74370 | Zig:13   | Identified the +6 short sword of Fixation {antimagic, *Corrode +Fly rF+ Dex+8}
 74383 | Depths:3 | Reached skill level 19 in Evocations
 74391 | Depths:3 | Upgraded the game from 0.19-a0-1111-gcceb26a to 0.19-a0-1128-gc4a0c12
 74494 | Zot:1    | Gained mutation: Your spells are a little harder to cast, but a little more powerful. [evolution]
 74494 | Zot:1    | Lost mutation: You evolve. [end of evolution]
 74637 | Zot:5    | Noticed an ancient lich
 74744 | Zot:5    | Noticed an orb of fire
 74744 | Zot:5    | Noticed an orb of fire
 74753 | Zot:5    | Noticed an orb of fire
 74753 | Zot:5    | Noticed an orb of fire
 74757 | Zot:5    | Gained mutation: Scrolls take you longer to read. [an orb of fire]
 74759 | Zot:5    | Got the Orb of Zot
 74760 | Zot:5    | Noticed an orb of fire
 74762 | Zot:5    | Gained mutation: You expend magic power (3 MP) to strengthen your wands. [an orb of fire]
 74767 | Zot:5    | Gained mutation: You tend to lose your temper in combat. [an orb of fire]
 74974 | Depths:1 | Gained mutation: Scrolls take you much longer to read. [mutagenic glow]
 75135 | D:9      | Noticed a seraph
 75331 | D:$      | Escaped with the Orb!

Vanquished Creatures
  the Royal Jelly (Slime:5)
  Khufu (Crypt:2)
  An orb of fire (Zot:4)
  Mara (Depths:1)
  3 ancient liches
  3 juggernauts
  4 greater mummies
  Boris (Crypt:2)
  Saint Roka (Depths:1)
  A shard shrike (Zig:8)
  Bai Suzhen (Swamp:3)
  Frederick (Depths:5)
  Margery (Depths:2)
  the Lernaean hydra (Swamp:4)
  8 golden dragons
  A curse toe (Zot:4)
  Jory (Crypt:3)
  2 bone dragons
  A Hellbinder (WizLab)
  9 liches
  7 electric golems
  14 tentacled monstrosities
  Rupert (Lair:6)
  2 Ice Fiends
  A deep elf master archer (Elf:3)
  10 Orb Guardians (Zot:5)
  14 titans
  3 deep elf blademasters
  An Executioner (D:8)
  20 acid blobs
  7 death cobs
  4 shadow dragons
  3 sphinxes
  6 ancient champions
  18 storm dragons
  Frances (Elf:1)
  Agnes (Spider:2)
  6 tengu reavers
  Donald (Elf:2)
  Kirke (Elf:1)
  3 revenants
  5 draconian monks
  7 azure jellies
  13 frost giants
  11 fire giants
  4 draconian knights
  3 deep elf sorcerers (Elf:3)
  7 ghost moths
  6 draconian scorchers
  4 draconian zealots
  16 vault wardens
  A juggernaut zombie (Crypt:1)
  Louise (D:14)
  An orc warlord (Zig:10)
  4 draconian shifters
  2 deep elf elementalists (Elf:3)
  10 ghouls
  2 balrugs
  7 emperor scorpions
  4 curse skulls
  17 ironheart preservers
  An angel (D:8)
  10 draconian annihilators
  7 entropy weavers
  3 draconian callers
  11 very ugly things
  16 stone giants
  A war gargoyle (Vaults:2)
  6 vampire knights
  10 green draconians
  5 black draconians
  8 deep elf demonologists
  Azrael (D:15)
  8 white draconians
  4 yellow draconians
  6 purple draconians
  9 red draconians
  15 spark wasps
  5 deep elf annihilators
  A blizzard demon (Zig:8)
  4 mottled draconians
  Snorg (D:13)
  6 ettins
  3 eidola (Crypt:3)
  23 fire dragons
  7 deep elf death magi
  A green death (D:12)
  3 death oozes
  6 jiangshi
  12 great orbs of eyes
  4 mummy priests
  3 deep elf high priests
  13 yaktaur captains
  Fannar (D:12)
  6 rakshasas
  14 centaur warriors
  17 ice dragons
  A quicksilver dragon skeleton (Crypt:3)
  19 hydras
  21 vault guards
  3 spriggan air magi
  A merfolk aquamancer (Depths:2)
  2 ghost crabs (Swamp:3)
  11 death yaks
  11 deep troll shamans
  A queen ant (Lair:5)
  A death knight (Vaults:1)
  11 ogre magi
  7 alligators
  26 dancing weapons
  14 deep troll earth magi
  3 thrashing horrors (Zig:11)
  7 spriggan berserkers
  5 tengu warriors
  6 orc high priests
  8 vampire magi
  16 hell knights
  A titan zombie (Tomb:1)
  2 storm dragon zombies
  21 deep elf knights
  The ghost of Svalbardcaretaker the Covert, a journeyman SpEn of Ashenzari (Elf:1)
  4 small abominations
  5 soul eaters
  A sun demon (D:12)
  2 iron trolls
  5 shadow wraiths
  A sea snake (shapeshifter) (Depths:4)
  A death drake (Zig:11)
  A ghost moth zombie (Crypt:3)
  4 giant orange brains
  A quicksilver dragon simulacrum (Crypt:3)
  A spatial maelstrom (Zig:3)
  44 skeletal warriors
  A spark wasp zombie (Depths:1)
  5 unseen horrors
  13 large abominations
  35 deep trolls
  An unseen horror (shapeshifter) (Vaults:1)
  9 swamp dragons (Swamp:4)
  8 hill giants
  11 necromancers
  A shadow dragon zombie (Crypt:1)
  2 shambling mangroves
  A lindwurm (Lair:3)
  17 orc knights
  A swamp dragon (shapeshifter) (Depths:2)
  16 ironbrand convokers
  4 phantasmal warriors
  8 flayed ghosts
  4 wizards
  14 deep elf archers
  2 anubis guards (Zig:9)
  5 harpies (Vaults:3)
  2 oklob plants (Lair:3)
  A wolf spider zombie (Tomb:1)
  37 wolf spiders
  6 elephants
  3 hornets
  4 griffons
  2 fire giant zombies
  A salamander (shapeshifter) (Depths:3)
  4 orc sorcerers
  51 ugly things
  26 orb spiders
  6 cyclopes
  A manticore (D:13)
  8 shining eyes
  27 moths of wrath
  An iron dragon zombie (Crypt:1)
  3 centaur zombies
  56 deep elf magi
  4 guardian serpents (Depths:2)
  A black mamba (shapeshifter) (Depths:3)
  A guardian serpent (shapeshifter) (Elf:3)
  4 torpor snails
  4 black mambas
  A frost giant skeleton (Vaults:4)
  A smoke demon (Zig:11)
  13 vault sentinels
  2 eyes of devastation
  33 spiny frogs
  An apocalypse crab (Zig:11)
  A yaktaur zombie (Vaults:2)
  Maurice (D:11)
  An orange demon (WizLab)
  4 gargoyles
  A komodo dragon (shapeshifter) (D:15)
  An alligator snapping turtle zombie (Crypt:3)
  5 rime drakes
  A tormentor (Depths:3)
  9 demonic crawlers
  A hellion (WizLab)
  7 komodo dragons
  7 freezing wraiths
  2 ice devils (WizLab)
  37 yaktaurs
  An efreet (D:10)
  An emperor scorpion zombie (Crypt:1)
  6 guardian mummies
  A human zombie (Vaults:2)
  2 hellwings
  A red devil (WizLab)
  11 tengu conjurers
  6 trolls
  2 ancient zymes
  48 jumping spiders
  9 giant leeches
  2 polar bears
  3 meliai (Spider:3)
  2 queen bees
  A death drake zombie (Crypt:2)
  A meliai (shapeshifter) (Vaults:2)
  A queen bee (shapeshifter) (D:15)
  9 boulder beetles
  16 blink frogs
  2 merfolk (Depths:2)
  A blink frog (shapeshifter) (Depths:2)
  A harpy skeleton (Crypt:1)
  19 two-headed ogres
  4 bog bodies
  2 spriggan zombies (Depths:1)
  62 slime creatures
  An ushabti (Zig:9)
  An ettin zombie (Crypt:3)
  8 air elementals
  A fire giant simulacrum (Zig:8)
  11 flying skulls
  An ettin skeleton (Crypt:3)
  2 tarantellas (shapeshifter)
  4 starcursed masses (Zig:11)
  100 redbacks
  A spriggan skeleton (Zig:9)
  4 wraiths
  2 fire dragon zombies (Crypt:1)
  2 shadows
  30 tarantellas
  An ice dragon skeleton (Crypt:1)
  A yak (shapeshifter) (Depths:3)
  Eustachio (D:3)
  3 fire bats (Lair:3)
  2 vampires
  A fire dragon skeleton (Crypt:1)
  4 hogs
  18 yaks
  10 spriggans
  6 water elementals
  5 wyverns
  5 fire elementals
  6 basilisks
  2 neqoxecs (Zig:11)
  11 hippogriffs
  A hippogriff (shapeshifter) (D:15)
  A spriggan simulacrum (Zig:11)
  2 golden eyes (shapeshifter)
  5 hungry ghosts
  2 humans
  25 vampire mosquitoes
  2 chaos spawn (Depths:4)
  Menkaure (D:4)
  3 mottled dragons
  A steam dragon (Lair:3)
  16 soldier ants
  14 swamp worms
  A naga (shapeshifter) (Vaults:2)
  6 water moccasins
  A putrid demonspawn zombie (Crypt:3)
  12 wargs
  5 hell hounds (D:15)
  Duvessa (D:4)
  2 monstrous demonspawn skeletons (Crypt:3)
  A merfolk skeleton (Crypt:2)
  6 porcupines
  4 sky beasts
  2 black bears (shapeshifter)
  2 elephant zombies
  8 ice beasts
  A spiny frog skeleton (Crypt:1)
  69 orc warriors
  9 eyes of draining
  11 swamp drakes
  2 black bears
  8 necrophages
  49 ogres
  2 phantoms
  2 snapping turtle zombies (Crypt:3)
  20 wasps
  2 snapping turtle skeletons
  12 wolves
  2 swamp dragon skeletons
  7 boggarts
  16 crocodiles
  2 lindwurm skeletons
  31 centaurs
  2 big kobolds (D:9)
  A fire crab zombie (Crypt:3)
  36 giant frogs
  2 gnoll sergeants (D:9)
  A human skeleton (Vaults:2)
  An earth elemental (Elf:3)
  An elf skeleton (Crypt:1)
  Dowan (D:4)
  A spiny frog simulacrum (Crypt:1)
  4 jellies
  2 wyvern skeletons
  5 scorpions
  A water moccasin skeleton (D:5)
  48 killer bees
  7 howler monkeys
  10 wights
  10 electric eels
  A human simulacrum (Vaults:3)
  A quasit (D:13)
  7 crimson imps
  A giant frog zombie (D:7)
  A two-headed ogre zombie (Crypt:1)
  7 centaur skeletons
  19 orc priests
  12 hounds
  An iron imp (Depths:3)
  3 giant frog skeletons
  24 orc wizards
  Natasha (thrice) (D:2)
  10 iguanas
  A hell rat (Lair:3)
  23 worker ants
  12 sheep
  A big kobold zombie (Crypt:1)
  A mottled dragon skeleton (Crypt:1)
  An ogre skeleton (Tomb:1)
  A hound zombie (D:7)
  A hound skeleton (D:11)
  15 mummies
  A howler monkey skeleton (Crypt:3)
  A howler monkey zombie (D:6)
  3 gnolls (D:9)
  A hell rat skeleton (Crypt:1)
  32 river rats
  A scorpion zombie (Crypt:1)
  A steam dragon zombie (Crypt:2)
  16 adders
  10 shadow imps
  3 oozes
  A worm zombie (Crypt:2)
  An adder zombie (D:5)
  An adder skeleton (D:6)
  2 worms
  A dart slug (D:3)
  9 giant geckos
  81 orcs
  12 ball pythons
  6 bats
  9 giant cockroaches
  4 goblins
  7 hobgoblins
  11 jackals
  3 quokkas
  A giant gecko skeleton (D:5)
  7 giant newts
  A jackal skeleton (D:4)
  13 kobolds
  A quokka skeleton (D:6)
  25 rats
  A crawling corpse (Elf:3)
  3 fungi
  A plant (Lair:2)
2728 creatures vanquished.

Vanquished Creatures (collateral kills)
  A demonic crawler (Zig:6)
1 creature vanquished.

Vanquished Creatures (others)
  A tentacled monstrosity (Zot:1)
  A deep elf master archer (Elf:3)
  A draconian monk (Zot:3)
  A fire giant (Depths:5)
  A ghost moth (Spider:4)
  A deep elf elementalist (Elf:3)
  A jiangshi (Crypt:2)
  A dancing weapon (Elf:1)
  A centaur warrior (Vaults:2)
  A spriggan berserker (Depths:3)
  A deep elf archer (Vaults:4)
  A deep elf mage (Elf:1)
  A moth of wrath (Zot:1)
  2 yaktaurs
  A tengu conjurer (Depths:5)
  A redback (Spider:1)
  2 humans (Elf:1)
  2 centaurs (Vaults:1)
  A killer bee (Spider:3)
  A howler monkey (D:10)
  A giant frog zombie (D:10)
  An orc wizard (Depths:1)
  2 orcs
  19 fungi
  36 plants
82 creatures vanquished.

Grand Total: 2811 creatures vanquished
